 Dungeon Crawl Stone Soup version 0.31-a0-174-g85c54bcb58 (webtiles) character file.

Game seed: 6795683210179747924

2883 qw the Skirmisher (level 9, -9/57 HPs)
             Began as a Gargoyle Hunter on June 15, 2023.
             Was a Believer of Okawaru.
             Mangled by a yak (12 damage)
             ... on level 8 of the Dungeon.
             The game lasted 00:02:51 (5215 turns).

qw the Skirmisher (Gargoyle Hunter)                 Turns: 5215, Time: 00:02:51

Health: -9/57      AC: 31    Str: 15    XL:     9   Next: 76%
Magic:  11/12      EV: 14    Int: 13    God:    Okawaru [**....]
Gold:   1185       SH:  0    Dex: 17    Spells: 8/8 levels left

rFire   . . .        h - +0 arbalest
rCold   . . .        (shield currently unavailable)
rNeg    + . .        p - +10 ring mail of Pikelad {Int+3}
rPois   inf          (no helmet)
rElec   +            (no cloak)
rCorr   .            j - +2 pair of gloves
SInv    +            m - +0 pair of boots
Will    .....        (no amulet)
Stlth   +++          i - ring of see invisible
HPRegen 0.29/turn    c - +4 ring of protection
MPRegen 0.13/turn

%: no passive effects
@: about to teleport, heroic
A: sickness immunity, AC +6, negative energy resistance 1, electricity
resistance, torment resistance 1, petrification resistance
a: Renounce Religion, Heroism


You were on level 8 of the Dungeon.
You worshipped Okawaru.
Okawaru was pleased with you.
You visited 2 branches of the dungeon, and saw 9 of its levels.

You collected 1344 gold pieces.
You spent 159 gold pieces at shops.


Innate Abilities, Weirdness & Mutations

You are immune to sickness and miasma.
Your stone body is resilient. (AC +6)
You are immune to poison.
You resist negative energy. (rN+)
You are resistant to electric shocks. (rElec)
You are resistant to unholy torment.
You are immune to petrification.


   Skills:
 - Level 7.0(12.0) Fighting
 - Level 11.0(16.0) Ranged Weapons
 - Level 3.1(8.1) Armour
 + Level 2.4(7.4) Dodging
 - Level 1.1(6.1) Stealth
 - Level 4.0 Invocations


You had 8 spell levels left.
You didn't know any spells.
Your spell library was empty.

Inventory:

Hand Weapons
 h - a +0 arbalest (weapon)
Armour
 j - a +2 pair of gloves (worn)
 m - a +0 pair of boots (worn)
 p - the +10 ring mail of Pikelad (worn) {Int+3}
   (You found it on level 7 of the Dungeon)

   Int:       It affects your intelligence (+3).
Jewellery
 c - a +4 ring of protection (right hand)
 g - a ring of fire
 i - a ring of see invisible (left hand)
 o - a ring of protection from cold
 q - a ring of fire
Scrolls
 a - a scroll of blinking {unknown}
 d - 5 scrolls of identify
 l - 2 scrolls of teleportation
Potions
 b - 3 potions of attraction
 e - a potion of curing
 f - 4 potions of might

Dungeon Overview and Level Annotations

Branches:
Dungeon (8/15)             Temple (1/1) D:4
   Lair: D:8-11

Altars:
Ashenzari
Cheibriados
Dithmenos
Elyvilon
Gozag
Hepliaklqana
Kikubaaqudgha
Makhleb
Nemelex Xobeh
Okawaru
Qazlal
Ru
Sif Muna
Trog
Uskayaw
Vehumet
Wu Jian
Xom
Yredelemnul
Zin
The Shining One

Shops:
D:1 **!?   D:4 ?

Annotations:
D:3 1 runed translucent door, Crazy Yiuf
D:8 3 runed translucent doors, qw's ghost, novice GrFi


Message History

The bolt hits the yak!
The yak is heavily wounded.
The yak gores you!
5206 ||| INVOKING Heroism.
You gain the combat prowess of a mighty hero.
The yak barely misses you.
You shoot a bolt. The bolt hits the yak!
You kill the yak!
Okawaru accepts your kill. The yak gores you but does no damage.
Your base Ranged Weapons skill increases to level 11!
You shoot a bolt. The bolt closely misses the yak.
The yak gores you.
You shoot a bolt. The bolt completely misses the yak.
The yak gores you but does no damage. The yak completely misses you.
The yak gores you but does no damage. x3
You shoot a bolt. The bolt barely misses the yak.
The yak gores you but does no damage. x2; The yak closely misses you.
The yak barely misses you.
You shoot a bolt. The bolt hits the yak.
The yak is heavily wounded.
The yak gores you but does no damage. The yak misses you.
The yak gores you but does no damage. x2
You shoot a bolt. The bolt hits the yak!
The yak is almost dead.
The yak closely misses you.
The yak gores you but does no damage. x2
The yak misses you. The yak barely misses you.
You shoot a bolt. The bolt closely misses the yak.
The yak gores you! The yak gores you but does no damage.
The yak closely misses you. The yak barely misses you. The yak gores you!
5214 ||| READING 3 scrolls of teleportation.
As you read the scroll of teleportation, it crumbles to dust.
You feel strangely unstable. The yak barely misses you.
The yak closely misses you. The yak gores you. The yak barely misses you.
The yak gores you.
You shoot a bolt. The bolt barely misses the yak.
The yak misses you.
The yak gores you but does no damage. x3
The yak closely misses you. The yak gores you but does no damage.
The yak gores you!
You die...

....####.#...
....(....#...
..........)...
..........#...
##.......#.). ######
#.......#... ##.....
#.........>.
......Y######...........
......Y@....#...........
......YYY.......).......
...#............###.....
. #............# #.....
#............# #.....
#...........(# #.....
#........##### ######
##########


You could see 5 yaks.

Vanquished Creatures
  A yak (D:8)
  An orc warrior (D:8)
  Pargi (D:2)
  A black bear (D:6)
  An ice beast (D:7)
  2 sky beasts
  3 centaurs (D:8)
  3 ogres
  A kobold brigand (D:8)
  A bullfrog (D:6)
  Blork the orc (D:4)
  5 scorpions
  3 wights (D:8)
  5 killer bees (D:7)
  An electric eel (D:8)
  3 lava snakes (D:7)
  2 hounds
  A jelly (D:5)
  3 orc priests
  Terence (D:2)
  4 iguanas
  6 orc wizards
  9 adders
  A shadow imp (D:5)
  A white imp (D:6)
  6 worms
  A dart slug (D:1)
  26 orcs
  7 endoplasms
  4 giant cockroaches
  8 goblins
  8 hobgoblins
  2 jackals (D:3)
  2 quokkas
  7 ball pythons
  3 bats
  8 frilled lizards
  6 kobolds
  6 rats
155 creatures vanquished.

Notes
Turn   | Place    | Note
-------+----------+-------------------------------------------
     0 | D:1      | qw the Gargoyle Hunter began the quest for the Orb.
     0 | D:1      | Reached XP level 1. HP: 12/12 MP: 1/1
     0 | D:1      | 0 ||| qw: Version: 0.2-a-29-g511e9b1
     0 | D:1      | 0 ||| qw: Game counter: 5184
     0 | D:1      | 0 ||| qw: Always use a shield: true
     0 | D:1      | 0 ||| qw: God list: Okawaru
     0 | D:1      | 0 ||| qw: Allow faded altars: false
     0 | D:1      | 0 ||| qw: Do Orc after D:15 true
     0 | D:1      | 0 ||| qw: Do second Lair branch before Depths: true
     0 | D:1      | 0 ||| qw: Lair rune preference: random
     0 | D:1      | 0 ||| qw: Plans: Normal, Zot:1-4, Slime:5, God:TSO, Crypt,
                  | Tomb, Abyss, Pan, Hells, Win
     0 | D:1      | 0 ||| PLANNING D:1-11
    42 | D:1      | Reached XP level 2. HP: 17/17 MP: 2/2
    93 | D:1      | Found Vebb's Distillery.
    98 | D:1      | 98 ||| SHOPLISTING 2 potions of heal wounds (110 gold, have
                  | 17).
    98 | D:1      | 98 ||| SHOPLISTING potion of attraction (33 gold, have 17).
    98 | D:1      | 98 ||| SHOPLISTING potion of curing (33 gold, have 17).
    98 | D:1      | 98 ||| SHOPLISTING potion of haste (110 gold, have 17).
    98 | D:1      | 98 ||| SHOPLISTING potion of magic (88 gold, have 17).
   114 | D:1      | Found Buemamp Xoni's General Store.
   125 | D:1      | 125 ||| SHOPLISTING +0 pair of gloves of strength (138
                  | gold, have 17).
   125 | D:1      | 125 ||| SHOPLISTING scroll of identify (24 gold, have 17).
   125 | D:1      | 125 ||| SHOPLISTING scroll of teleportation (36 gold, have
                  | 17).
   173 | D:1      | Found Isera's General Store.
   187 | D:1      | 187 ||| SHOPLISTING +4 ring of protection (396 gold, have
                  | 55).
   187 | D:1      | 187 ||| BUYING potion of might (44 gold).
   187 | D:1      | Bought a potion of might for 44 gold pieces
   187 | D:1      | 187 ||| SHOPLISTING potion of mutation (88 gold, have 11).
   187 | D:1      | 187 ||| SHOPLISTING ring of willpower (275 gold, have 11).
   214 | D:1      | Found Ykkoc's Magic Scroll Shoppe.
   217 | D:1      | 217 ||| SHOPLISTING scroll of enchant weapon (90 gold, have
                  | 24).
   217 | D:1      | 217 ||| BUYING scroll of identify (24 gold).
   217 | D:1      | Bought a scroll of identify for 24 gold pieces
   217 | D:1      | 217 ||| SHOPLISTING scroll of teleportation (36 gold, have
                  | 0).
   552 | D:1      | 552 ||| READING scroll labelled BEXKYU BIEMAM.
   553 | D:1      | 553 ||| READING scroll labelled OSI ORPHODE.
   553 | D:1      | Identified a scroll of acquirement
   553 | D:1      | 553 ||| ACQUIRING +3 shortbow of Living Responsibility
                  | {drain, rElec rPois rF- Will+}
   553 | D:1      | Acquired the +3 shortbow of Living Responsibility {drain,
                  | rElec rPois rF- Will+}
   555 | D:1      | 555 ||| UPGRADING to +3 shortbow of Living Responsibility
                  | {drain, rElec rPois rF- Will+}.
   556 | D:1      | 556 ||| DROPPING scroll of butterflies.
   644 | D:2      | Noticed Terence
   651 | D:2      | Killed Terence
   652 | D:2      | Reached skill level 5 in Ranged Weapons
   652 | D:2      | Reached XP level 3. HP: 17/21 MP: 3/3
   756 | D:2      | Reached XP level 4. HP: 27/27 MP: 4/4
   850 | D:2      | Reached skill level 3 in Fighting
  1380 | D:2      | 1380 ||| UPGRADING to +0 pair of gloves.
  1385 | D:2      | 1385 ||| UPGRADING to ring of see invisible.
  1386 | D:2      | 1386 ||| READING scroll labelled ICUIVE KINU.
  1387 | D:2      | 1387 ||| READING scroll labelled IMOROUN HE BEM.
  1388 | D:2      | 1388 ||| READING scroll labelled DAOMEPTYLO.
  1389 | D:2      | 1389 ||| READING scroll labelled XYUHUIP ENICW.
  1393 | D:2      | 1393 ||| READING 3 scrolls of identify.
  1393 | D:2      | 1393 ||| IDENTIFYING cyan potion
  1394 | D:2      | 1394 ||| READING 2 scrolls of identify.
  1394 | D:2      | 1394 ||| IDENTIFYING fizzy coppery potion
  1406 | D:3      | Noticed Pargi
  1412 | D:3      | 1412 ||| STAIRDANCE
  1424 | D:2      | Killed Pargi
  1425 | D:2      | Reached skill level 6 in Ranged Weapons
  1425 | D:2      | Reached XP level 5. HP: 22/32 MP: 5/5
  1467 | D:2      | 1467 ||| UPGRADING to +0 troll leather armour {Pargi}.
  1477 | D:2      | 1477 ||| DROPPING +0 leather armour.
  1483 | D:3      | 1483 ||| STAIRDANCE
  1492 | D:3      | 1492 ||| STAIRDANCE
  1504 | D:3      | Reached skill level 1 in Armour
  1504 | D:3      | Reached XP level 6. HP: 37/37 MP: 6/6
  1510 | D:3      | 1510 ||| STAIRDANCE
  1677 | D:3      | Found a runed translucent door.
  1678 | D:3      | Noticed Crazy Yiuf
  1767 | D:3      | Found a sparkling altar of Nemelex Xobeh.
  2040 | D:3      | 2040 ||| READING scroll labelled JEIXUD DYWU.
  2041 | D:3      | 2041 ||| READING 5 scrolls of identify.
  2041 | D:3      | 2041 ||| IDENTIFYING orange potion
  2042 | D:3      | 2042 ||| DROPPING potion of brilliance.
  2090 | D:4      | 2090 ||| DROPPING +2 sling of freezing.
  2200 | D:4      | Reached skill level 7 in Ranged Weapons
  2307 | D:4      | Reached XP level 7. HP: 44/44 MP: 7/7
  2309 | D:4      | Found a staircase to the Ecumenical Temple.
  2310 | D:4      | 2310 ||| PLANNING TEMPLE
  2311 | D:4      | 2311 ||| UPGRADING to +4 ring of protection.
  2312 | D:4      | 2312 ||| READING 3 scrolls labelled YGAARR KOEP.
  2313 | D:4      | 2313 ||| READING 2 scrolls of enchant armour.
  2313 | D:4      | 2313 ||| ENCHANTING +0 pair of gloves.
  2314 | D:4      | 2314 ||| READING scroll of enchant armour.
  2314 | D:4      | 2314 ||| ENCHANTING +1 pair of gloves.
  2326 | Temple   | Entered the Ecumenical Temple
  2326 | Temple   | Found a transporter.
  2326 | Temple   | Found a transporter.
  2328 | Temple   | Found a transporter.
  2328 | Temple   | Found a transporter.
  2337 | Temple   | 2337 ||| PLANNING OKAWARU WORSHIP
  2344 | Temple   | Became a worshipper of Warmaster Okawaru
  2345 | Temple   | 2345 ||| PLANNING D:1-11
  2380 | D:4      | Noticed Blork the orc
  2384 | D:4      | Killed Blork the orc
  2469 | D:4      | Found Wyetekh's Magic Scroll Boutique.
  2478 | D:4      | 2478 ||| BUYING scroll of identify (26 gold).
  2478 | D:4      | Bought a scroll of identify for 26 gold pieces
  2478 | D:4      | 2478 ||| BUYING scroll of identify (26 gold).
  2478 | D:4      | Bought a scroll of identify for 26 gold pieces
  2478 | D:4      | 2478 ||| BUYING scroll of teleportation (39 gold).
  2478 | D:4      | Bought a scroll of teleportation for 39 gold pieces
  2714 | D:4      | 2714 ||| READING 6 scrolls of identify.
  2714 | D:4      | 2714 ||| IDENTIFYING glowing grey potion
  2715 | D:4      | 2715 ||| DROPPING potion of berserk rage.
  2748 | D:5      | Entered Level 5 of the Dungeon
  2806 | D:5      | Found a shimmering blue altar of Sif Muna.
  2807 | D:5      | Found a basalt altar of Yredelemnul.
  2807 | D:5      | Found an ancient bone altar of Kikubaaqudgha.
  2809 | D:5      | Found a shadowy altar of Dithmenos.
  2811 | D:5      | Found a burning altar of Makhleb.
  2812 | D:5      | Found a sacrificial altar of Ru.
  2823 | D:5      | Found a radiant altar of Vehumet.
  2940 | D:5      | Reached skill level 8 in Ranged Weapons
  2940 | D:5      | Reached * piety under Okawaru
  3081 | D:5      | Found a hazy altar of Hepliaklqana.
  3217 | D:5      | 3217 ||| FLEEEEING.
  3218 | D:5      | 3218 ||| FLEEEEING.
  3219 | D:5      | 3219 ||| FLEEEEING.
  3235 | D:5      | 3235 ||| UPGRADING to +0 pair of boots.
  3240 | D:5      | 3240 ||| DROPPING ring of flight.
  3280 | D:6      | Reached XP level 8. HP: 49/49 MP: 8/8
  3346 | D:6      | Reached skill level 1 in Invocations
  3359 | D:6      | Found a white marble altar of Elyvilon.
  3390 | D:6      | 3390 ||| INVOKING Heroism.
  3453 | D:6      | Found a snail-covered altar of Cheibriados.
  3461 | D:6      | Found an ornate altar of the Wu Jian Council.
  3533 | D:6      | 3533 ||| STAIRDANCE
  3698 | D:6      | 3698 ||| INVOKING Heroism.
  3717 | D:6      | Reached skill level 3 in Invocations
  3775 | D:6      | 3775 ||| STAIRDANCE
  4038 | D:7      | Reached skill level 9 in Ranged Weapons
  4068 | D:7      | Reached ** piety under Okawaru
  4069 | D:7      | Reached skill level 6 in Fighting
  4083 | D:7      | Reached XP level 9. HP: 55/55 MP: 12/12
  4172 | D:7      | Identified the +10 ring mail of Pikelad {Int+3}
  4222 | D:7      | 4222 ||| INVOKING Heroism.
  4618 | D:7      | 4618 ||| UPGRADING to +10 ring mail of Pikelad {Int+3}.
  4628 | D:7      | 4628 ||| DROPPING +0 troll leather armour {Pargi}.
  4629 | D:7      | 4629 ||| DROPPING amulet of magic regeneration.
  4630 | D:7      | 4630 ||| READING 2 scrolls labelled GEMPOR EMIHAR.
  4631 | D:7      | 4631 ||| READING 6 scrolls of identify.
  4631 | D:7      | 4631 ||| IDENTIFYING amethyst potion
  4632 | D:7      | 4632 ||| DROPPING potion of enlightenment.
  4633 | D:7      | 4633 ||| DROPPING scroll of fog.
  4666 | D:8      | 4666 ||| INVOKING Heroism.
  4670 | D:8      | Reached skill level 10 in Ranged Weapons
  4696 | D:8      | Reached skill level 3 in Armour
  4714 | D:8      | 4714 ||| DROPPING +0 shortbow.
  4715 | D:8      | 4715 ||| UPGRADING to +0 orcbow.
  4716 | D:8      | 4716 ||| DROPPING +3 shortbow of Living Responsibility
                  | {drain, rElec rPois rF- Will+}.
  4753 | D:8      | 4753 ||| READING scroll of acquirement.
  4753 | D:8      | 4753 ||| ACQUIRING 937 gold pieces
  4753 | D:8      | Acquired 937 gold pieces
  4908 | D:8      | Found a runed translucent gate.
  4908 | D:8      | Found a runed translucent gate.
  4908 | D:8      | Found a runed translucent gate.
  4913 | D:8      | Noticed qw's ghost (novice GrFi)
  4958 | D:8      | 4958 ||| INVOKING Heroism.
  5021 | D:8      | 5021 ||| Stepping ~*~*~tactically~*~*~ (outnumbered).
  5024 | D:8      | 5024 ||| Stepping ~*~*~tactically~*~*~ (outnumbered).
  5139 | D:8      | 5139 ||| INVOKING Heroism.
  5149 | D:8      | 5149 ||| Stepping ~*~*~tactically~*~*~ (outnumbered).
  5189 | D:8      | 5189 ||| UPGRADING to +0 arbalest.
  5190 | D:8      | 5190 ||| DROPPING +0 orcbow.
  5206 | D:8      | 5206 ||| INVOKING Heroism.
  5208 | D:8      | Reached skill level 11 in Ranged Weapons
  5213 | D:8      | HP: 10/57 [yak (12)]
  5214 | D:8      | 5214 ||| READING 3 scrolls of teleportation.
  5214 | D:8      | HP: 4/57 [yak (6)]
  5215 | D:8      | Mangled by a yak

Levels and vault maps discovered:
D:1:      sevenhm_arrival_forest_fort_large_4, layout_rooms, serial_shops,
          nicolae_diamond_shop, shop, shop, nicolae_shop_industrial_runoff,
          roderic_serpentine_path
D:2:      layout_loops_ring, minmay_cupped, uniq_terence
D:3:      layout_rooms, nemelex_altar_shiori, uniq_crazy_yiuf_cottage,
          uniq_pargi
D:4:      layout_loops_ring, minmay_temple_entry_glass, serial_shops, shop,
          minmay_misc_feat_five, uniq_blork_the_orc
D:5:      layout_cave_pools, nicolae_overflow_hidden_temple,
          grunt_temple_overflow_open, dk_noncrumbling_3
D:6:      layout_rooms, elyvilon_altar_4, mainiacjoe_overflow_large_starburst,
          roderic_roman_lattice
D:7:      layout_gridville, grunt_decor_junction
D:8:      layout_basic, gammafunk_ghost_spectres, kennysheep_generic_room_12
Temple:   hellmonk_temple_divided_pantheon

Skill      XL: |  1  2  3  4  5  6  7  8  9 |
---------------+----------------------------+-----
Ranged Weapons | 5 6 7 8 9 11 | 11.0
Fighting       | 3 4 5 6 7 |  7.0
Armour         | 1 2 3 |  3.1
Dodging        | 2 |  2.4
Invocations    | 4 |  4.0
Stealth        | |  1.1

Action                     |  1- 3 |  4- 6 |  7- 9 || total
---------------------------+-------+-------+-------++-------
   Fire: Shortbow          |    78 |   154 |   202 ||   434
         Orcbow            |       |       |    97 ||    97
         Arbalest          |       |       |    13 ||    13
 Invoke: Heroism           |       |       |     7 ||     7
    Use: Scroll            |     2 |     8 |     8 ||    18
 Armour: Leather armour    |    10 |    36 |       ||    46
         Troll leather arm |       |    14 |    53 ||    67
         Ring mail         |       |       |    62 ||    62
  Dodge: Dodged            |     9 |    69 |   111 ||   189

Table legend:
 A = Non-vault XP
 B = Vault XP
 C = Vault XP percentage of total XP
 D = Non-vault monster count
 E = Vault monster count
 F = Vault count percentage of total count
                 A         B        C        D         E       F
            +---------+---------+-------+---------+---------+-------
      Total |    3738 |     381 |   9.2 |     147 |       8 |   5.2
            +---------+---------+-------+---------+---------+-------
        D:1 |      29 |       0 |   0.0 |      19 |       0 |   0.0
        D:2 |     114 |     177 |  60.8 |      28 |       5 |  15.2
        D:3 |     180 |       0 |   0.0 |      16 |       0 |   0.0
        D:4 |     214 |      94 |  30.5 |      18 |       1 |   5.3
        D:5 |     279 |       0 |   0.0 |       8 |       0 |   0.0
        D:6 |     701 |       2 |   0.3 |      16 |       1 |   5.9
        D:7 |     967 |       0 |   0.0 |      17 |       0 |   0.0
        D:8 |    1254 |     108 |   7.9 |      25 |       1 |   3.8
            +---------+---------+-------+---------+---------+-------
